Map: Blackpink LE

Players

Trap - Winner!

  • Race: Protoss Protoss
  • Spawn Location: 7:00

Ryung

  • Race: Terran Terran
  • Spawn Location: 1:00

Event: IEM Season 12 - Katowice

VOD

Have the link to the VOD?

Description

Time

  • Played on: March 2, 2018, 1:14 p.m.
  • Length: 10:55

All games in this series

Show
View Real Time Build Order
Export as new Build Order

Trap Protoss - Winner!

Build Orders: 1 Gate Expand, Double Forge, Blink Stalkers 

Get SALT Encoding   

  12  0:00  Probe  
  13  0:12  Probe  
  14  0:17  Pylon  
  14  0:25  Probe (Chrono Boost)  
  15  0:37  Probe (Chrono Boost)  
  15  0:38  Gateway  
  16  0:45  Probe (Chrono Boost)  
  16  0:49  Assimilator  
  17  0:51  Probe  
  18  1:03  Probe  
  19  1:15  Probe  
  20  1:25  Nexus  
  20  1:33  Cybernetics Core  
  20  1:36  Probe  
  21  1:42  Assimilator  
  21  1:48  Probe  
  22  1:55  Pylon  
  22  2:00  Probe  
  23  2:11  Adept (Chrono Boost), Warp Gate  
  23  2:13  Probe  
  26  2:25  Probe  
  27  2:30  Stalker (Chrono Boost)  
  27  2:34  Twilight Council  
  29  2:37  Probe (Chrono Boost)  
  29  2:43  Probe (Chrono Boost)  
  31  2:47  Probe (Chrono Boost)  
  31  2:50  Probe (Chrono Boost)  
  33  2:52  Probe (Chrono Boost)  
  33  2:54  Stalker  
  36  3:01  Probe  
  36  3:03  Probe  
  38  3:06  Blink (Chrono Boost)  
  38  3:13  Probe  
  38  3:16  Probe  
  39  3:26  Gateway  
  39  3:27  Probe, Gateway  
  39  3:28  Probe  
  41  3:36  Robotics Facility  
  41  3:40  Probe x2  
  43  3:44  Pylon  
  43  3:52  Probe x2  
  43  3:54  Assimilator  
  45  4:04  Probe x2  
  47  4:11  Nexus  
  47  4:14  Pylon  
  48  4:17  Probe x2  
  48  4:23  Observer (Chrono Boost), Stalker  
  48  4:24  Stalker  
  54  4:30  Pylon  
  54  4:32  Stalker  
  54  4:37  Probe x2  
  58  4:42  Forge  
  55  4:58  Observer  
  55  4:59  Forge  
  56  5:01  Probe (Chrono Boost)  
  56  5:06  Sentry x2  
  62  5:07  Probe (Chrono Boost)  
  62  5:10  Probe (Chrono Boost)  
  62  5:12  Pylon  
  64  5:14  Probe (Chrono Boost)  
  64  5:17  Probe  
  65  5:23  Probe  
  65  5:25  Probe  
  65  5:26  Protoss Ground Weapons Level 1 (Chrono Boost), Protoss Ground Armor Level 1 (Chrono Boost)  
  71  5:33  Probe  
  71  5:35  Probe  
  69  5:36  Immortal  
  69  5:37  Probe  
  74  5:45  Gateway  
  74  5:47  Gateway  
  74  5:50  Gateway  
  73  5:57  Probe x3  
  73  5:59  Gateway  
  73  6:01  Gateway  
  76  6:06  Sentry  
  78  6:15  Probe, Shield Battery  
  78  6:16  Probe, Immortal (Chrono Boost)  
  84  6:23  Stalker x2  
  87  6:30  Probe, Pylon  
  87  6:32  Pylon  
  88  6:42  Probe  
  88  6:43  Zealot  
  88  6:46  Pylon, Zealot x2  
  93  6:48  Zealot x3  
  93  6:53  Pylon, Observer (Chrono Boost)  
  100  6:57  Shield Battery  
  100  7:00  Protoss Ground Armor Level 2 (Chrono Boost)  
  99  7:02  Stalker x2  
  99  7:04  Zealot  
  105  7:08  Zealot x3  
  105  7:09  Protoss Ground Weapons Level 2 (Chrono Boost), Zealot x2  
  113  7:29  Zealot x7  
  106  7:42  Stalker  
  102  7:44  Immortal (Chrono Boost)  
  104  8:01  Stalker x6  
  104  8:04  Charge (Chrono Boost), Assimilator  
  104  8:05  Assimilator  
  94  8:21  Zealot x2  
  94  8:28  Zealot x3  
  94  8:29  Zealot x3  
  107  8:34  Observer  
  107  8:37  Templar Archives  
  107  8:43  Nexus  
  107  8:52  Pylon  
  107  8:54  Zealot x5  
  117  9:07  Warp Prism (Chrono Boost)  
  117  9:08  Assimilator  
  117  9:10  Probe x3, Pylon  
  117  9:14  Pylon  
  122  9:23  Zealot x2  
  125  9:29  High Templar x2  
  129  9:33  Zealot x3  
  129  9:34  Zealot, Archon  
  100  9:51  Zealot x2, Immortal (Chrono Boost)  
  97  9:57  Zealot x4  
  103  10:02  High Templar  
  103  10:03  High Templar  
  103  10:06  Archon  
  105  10:12  Stalker  
  105  10:13  Stalker  
  109  10:19  Immortal (Chrono Boost), Stalker x3  
  99  10:28  Zealot  
  93  10:36  Zealot x4  
  84  10:46  Zealot x2  
  84  10:47  Zealot  
Show
View Real Time Build Order
Export as new Build Order

Ryung Terran 

Build Orders: Gas First Reaper Expand, Reaper Expand, MMM Bio 

Get SALT Encoding   

  12  0:00  SCV  
  13  0:13  SCV  
  14  0:17  Supply Depot  
  14  0:25  SCV  
  15  0:28  Refinery  
  15  0:39  SCV  
  16  0:43  Barracks  
  16  0:51  SCV  
  17  1:03  SCV  
  18  1:15  SCV  
  19  1:30  Reaper, Orbital Command  
  20  1:44  Command Center  
  20  1:57  Factory  
  20  1:59  SCV  
  21  2:05  Barracks Reactor  
  21  2:11  SCV  
  21  2:13  Supply Depot  
  22  2:18  Refinery  
  22  2:23  SCV  
  23  2:35  SCV  
  24  2:44  Starport  
  24  2:46  Marine x2  
  24  2:47  SCV  
  29  2:51  Widow Mine  
  29  2:57  Orbital Command  
  28  2:59  SCV  
  28  3:04  Marine x2  
  33  3:12  Widow Mine  
  33  3:13  SCV  
  34  3:20  Medivac  
  34  3:23  SCV  
  34  3:24  Marine x2  
  34  3:25  SCV  
  40  3:31  Supply Depot  
  40  3:36  SCV  
  40  3:37  SCV  
  42  3:48  SCV, Barracks  
  43  3:50  SCV  
  43  3:51  Barracks Tech Lab  
  43  3:53  Factory Tech Lab, Barracks  
  44  4:00  SCV  
  44  4:01  Engineering Bay  
  44  4:02  SCV  
  46  4:08  Bunker  
  46  4:13  Marine  
  46  4:14  Stimpack  
  46  4:15  SCV x2  
  49  4:26  Supply Depot  
  49  4:27  SCV x2, Terran Infantry Weapons Level 1  
  49  4:30  Factory Reactor  
  51  4:33  Marine, Barracks  
  51  4:35  Marine x2  
  51  4:37  Starport Reactor  
  52  4:56  Combat Shields  
  52  4:57  SCV x2  
  52  4:59  Marine x2  
  52  5:00  Refinery x2  
  52  5:01  Marauder x2  
  52  5:04  Supply Depot  
  56  5:10  SCV x2  
  58  5:16  Factory Reactor  
  58  5:19  Supply Depot  
  58  5:22  SCV x2, Marine x2  
  58  5:26  Marauder x2  
  66  5:31  Medivac  
  66  5:34  Supply Depot, SCV x2  
  70  5:41  Marine x2, Medivac  
  74  5:46  Marine x2  
  74  5:48  Supply Depot  
  76  5:53  Marauder  
  76  5:55  Supply Depot  
  76  5:56  Marauder  
  81  6:00  Widow Mine x2  
  84  6:05  Medivac  
  84  6:10  Marine x3  
  84  6:11  Marine, Medivac  
  92  6:14  Marine  
  93  6:28  Marauder  
  93  6:29  Concussive Shells  
  93  6:32  Supply Depot, Marauder  
  96  6:35  Widow Mine x2  
  96  6:36  Liberator x2  
  100  6:40  Marine, Terran Infantry Armor Level 1  
  100  6:41  Marine  
  100  6:45  Supply Depot  
  102  6:53  Marine x2  
  110  6:55  Supply Depot  
  110  7:06  Marine x4  
  113  7:10  Widow Mine x2  
  113  7:11  Marine  
  118  7:16  Marine  
  118  7:17  SCV x2  
  118  7:23  Liberator x2  
  118  7:24  Marine x3  
  118  7:29  Marine x2  
  121  7:31  Widow Mine x2  
  121  7:34  Marine  
  114  7:42  Marine  
  114  7:43  Marine  
  115  7:47  Marauder  
  115  7:49  Marine x2  
  115  7:52  Widow Mine  
  115  7:53  Widow Mine  
  115  8:00  Marauder  
  115  8:02  Marine x2  
  100  8:14  Marine x2  
  89  8:21  Marine x2  
  89  8:22  Widow Mine, Marauder x2  
  89  8:23  Widow Mine, Medivac x2  
  97  8:39  Marine x4  
  101  8:43  Marauder x2  
  101  8:46  Widow Mine x2  
  109  8:50  Liberator x2  
  109  8:52  Supply Depot  
  109  8:54  Supply Depot  
  109  8:57  Marine x4  
  113  9:04  Marauder x2  
  123  9:15  Widow Mine x2  
  126  9:25  Marine x2  
  128  9:33  Liberator  
  110  9:42  Marine x2  
  110  9:43  Marine x4  
  104  10:00  Widow Mine, Marine x6  
  110  10:18  Marine x6  
  84  10:36  Marine x6  

Tags
 
Add a new tag
Caveats
  • Supply blocks, unpowered buildings, or Contaminate may cause inaccurate times.
  • Supply counts are checked every 10 seconds.